 Dungeon Crawl Stone Soup version 0.27-a0-887-gcab673c142 (webtiles) character file.

Game seed: 9574944107773914588

586 sizableburger the Grave Robber (level 7, -13/52 HPs)
             Began as a Human Necromancer on Apr 5, 2021.
             Was an Initiate of Vehumet.
             Mangled by an ogre
             ... wielding a +0 giant club
              (30 damage)
             ... on level 5 of the Dungeon.
             The game lasted 00:14:19 (7748 turns).

sizableburger the Grave Robber (Human Necromancer)  Turns: 7748, Time: 00:14:19

Health: -13/52     AC:  5    Str:  9    XL:     7   Next: 65%
Magic:  1/10       EV: 13    Int: 17    God:    Vehumet [......]
Gold:   126        SH:  0    Dex: 13    Spells: 3/10 levels left

rFire    . . .     SeeInvis .   c - +0 flail
rCold    . . .     Faith    .   (no shield)
rNeg     . . .     Spirit   .   a - +0 robe
rPois    +         Reflect  .   (no helmet)
rElec    .         Harm     .   g - +0 cloak
rCorr    .         Rampage  .   (no gloves)
Will     .....                  j - +1 pair of boots
Stlth    ++........             (no amulet)
HPRegen  0.17/turn              n - ring of poison resistance
MPRegen  0.12/turn              (no ring)

@: no status effects
A: no striking features
a: Renounce Religion


You were on level 5 of the Dungeon.
You worshipped Vehumet.
Vehumet was noncommittal.
You visited 1 branch of the dungeon, and saw 5 of its levels.

You collected 129 gold pieces.
You donated 3 gold pieces to Zin.

Inventory:

Hand Weapons
 c - a +0 flail (weapon)
 p - a +0 hunting sling
Missiles
 b - a throwing net
 i - 4 atropa-tipped darts
 q - 90 stones
Armour
 a - a +0 robe (worn)
 g - a +0 cloak (worn)
 j - a +1 pair of boots (worn)
Jewellery
 n - a ring of poison resistance (left hand)
Wands
 h - a wand of digging (4)
Scrolls
 d - 2 scrolls of fog
 e - 2 scrolls of identify
 f - 3 scrolls of teleportation
 k - 2 scrolls of amnesia
 l - a scroll of blinking {unknown}
 m - a scroll of holy word


   Skills:
 + Level 3.1 Fighting
 + Level 2.7 Maces & Flails
 + Level 3.4 Slings
 - Level 4.1 Dodging
 - Level 2.0 Stealth
 - Level 2.0 Spellcasting
 + Level 1.7 Hexes
 - Level 4.6 Necromancy


You had 3 spell levels left.
You knew the following spells:

 Your Spells              Type           Power      Damage    Failure   Level
a - Pain                  Necr           68%        1d7       3%          1
b - Vampiric Draining     Necr           8%         2d7       9%          3
c - Confusing Touch       Hex            7%         N/A       28%         3

Your spell library contained the following spells:

 Spells                   Type           Power      Damage    Failure   Level
 Animate Skeleton         Necr           34%        N/A       3%          1
 Corona                   Hex            7%         N/A       10%         1
 Apportation              Tloc           2%         N/A       19%         1
 Summon Small Mammal      Summ           4%         N/A       19%         1
 Gell's Gravitas          Tloc           0%         N/A       50%         3
 Animate Dead             Necr           8%         N/A       28%         4
 Agony                    Necr           17%        N/A       63%         5
 Petrify                  Tmut/Erth      1%         N/A       88%         4
 Metabolic Englaciation   Hex/Ice        2%         N/A       98%         5
 Yara's Violent Unravell  Hex/Tmut       2%         3d3       98%         5


Dungeon Overview and Level Annotations

Branches:
Dungeon (5/15)             Temple (0/1) D:5

Altars:
Vehumet
Zin


Message History

Casting: Confusing Touch (dangerous; 28% risk of failure)
Confirm with . or Enter, or press ? or * to list all spells.
Aiming: Vampiric Draining (dangerous; 9% risk of failure)
Press: ? - help, Shift-Dir - straight line, f - ogre
Aim: an ogre, wielding a +0 giant club (chance to confuse on hit: 38%)
You draw life force from the ogre!
You feel life coursing into your body. The ogre barely misses you.
Unknown command.
Casting: Vampiric Draining (dangerous; 9% risk of failure)
Confirm with . or Enter, or press ? or * to list all spells.
Aiming: Vampiric Draining (dangerous; 9% risk of failure)
Press: ? - help, Shift-Dir - straight line, f/p - ogre
Aim: an ogre, wielding a +0 giant club (heavily wounded, chance to confuse on hit: 38%)
You draw life force from the ogre.
You feel life coursing into your body. The ogre barely misses you.
Unknown command.
You barely miss the ogre.
The ogre is severely wounded.
The ogre hits you with a +0 giant club.
You hit the ogre but do no damage.
The ogre is severely wounded.
The ogre hits you with a +0 giant club!
Casting: Vampiric Draining (dangerous; 9% risk of failure)
Confirm with . or Enter, or press ? or * to list all spells.
Aiming: Pain (safe; 3% risk of failure)
Press: ? - help, Shift-Dir - straight line, f/p - ogre
Aim: an ogre, wielding a +0 giant club (severely wounded, chance to confuse on hit: 38%, chance to affect: 76%)
The ogre barely resists.
Unknown command.
Casting: Pain (safe; 3% risk of failure)
Confirm with . or Enter, or press ? or * to list all spells.
Aiming: Pain (safe; 3% risk of failure)
Press: ? - help, Shift-Dir - straight line, f/p - ogre
Aim: an ogre, wielding a +0 giant club (severely wounded, chance to confuse on hit: 38%, chance to affect: 76%)
Okay, then.
Okay, then.
Your hands stop glowing.
The ogre hits you with a +0 giant club!!
Ouch! That really hurt!
You die...

........# #.......####
...........#
...........#
...........#
...........#
...###.)...# ..##
###...########## ..#
##.....##.@...## #.#
##..........O...## ..#
##................#
)####.................#
......................#
#####.................#
#####.................#
........[..<....<.....#
...##...<............##


You could see an ogre.

Vanquished Creatures
  A water moccasin (D:5)
  A phantom (D:5)
  A water moccasin skeleton (D:5)
  3 orc priests
  An iguana (D:4)
  3 orc wizards
  2 adders
  A shadow imp (D:5)
  An ufetubus (D:4)
  5 worms
  3 dart slugs
  11 orcs
  2 ball pythons
  9 endoplasms
  A giant cockroach (D:3)
  5 hobgoblins
  7 jackals
  12 kobolds
  2 quokkas (D:2)
  3 bats
  5 frilled lizards
  16 goblins
  6 rats
101 creatures vanquished.

Vanquished Creatures (others)
  9 plants
  10 withered plants (D:2)
19 creatures vanquished.

Grand Total: 120 creatures vanquished

Notes
Turn   | Place    | Note
-------+----------+-------------------------------------------
     0 | D:1      | sizableburger the Human Necromancer began the quest for the
                  | Orb.
     0 | D:1      | Reached XP level 1. HP: 13/13 MP: 3/3
   520 | D:1      | Reached XP level 2. HP: 19/20 MP: 3/5
  1525 | D:1      | Reached skill level 1 in Fighting
  1630 | D:1      | Reached XP level 3. HP: 10/26 MP: 0/6
  2381 | D:2      | Reached XP level 4. HP: 20/32 MP: 0/7
  2747 | D:2      | Learned a level 3 spell: Vampiric Draining
  2877 | D:2      | Found a faded altar of an unknown god.
  2885 | D:2      | Became a worshipper of Zin the Law-Giver
  2885 | D:2      | Reached * piety under Zin
  2909 | D:2      | Fell from the grace of Zin
  3345 | D:2      | Reached skill level 1 in Slings
  3345 | D:2      | Reached XP level 5. HP: 31/38 MP: 8/8
  5859 | D:4      | Found a radiant altar of Vehumet.
  5921 | D:4      | Became a worshipper of Vehumet
  6014 | D:4      | Reached skill level 1 in Maces & Flails
  6165 | D:4      | Reached XP level 6. HP: 44/44 MP: 9/9
  6532 | D:5      | Entered Level 5 of the Dungeon
  6553 | D:5      | Found a staircase to the Ecumenical Temple.
  6900 | D:5      | Learned a level 3 spell: Confusing Touch
  7120 | D:5      | Reached XP level 7. HP: 35/51 MP: 10/10
  7132 | D:5      | Reached skill level 1 in Hexes
  7547 | D:5      | Noticed a water moccasin
  7556 | D:5      | Killed a water moccasin
  7748 | D:5      | Mangled by an ogre

Illustrated notes

Levels and vault maps discovered:
D:1:      dpeg_arrival_simpleton_b, layout_basic
D:2:      cheibrodos_pilgrimage, layout_loops_ring,
          shapermc_ecumenical_altar_flowoftime
D:3:      corexii_shack_village, layout_rooms, serial_corexii_hall,
          chequers_hall_statues_corner_a, corexii_hall_statues_i,
          chequers_hall_statues_corner_a, corexii_hall_statues_x,
          kennysheep_minor_cross
D:4:      layout_loops_corners, old_standard_altar
D:5:      layout_rooms, temple_pool_b, minmay_fractal_squares_5, uniq_menkaure

Skill      XL: |  1  2  3  4  5  6  7 |
---------------+----------------------+-----
Fighting       | 1 2 3 |  3.1
Slings         | 1 2 3 |  3.4
Dodging        | 3 4 |  4.1
Maces & Flails | 1 2 |  2.7
Hexes          | 1 |  1.7
Stealth        | |  2.0
Spellcasting   | |  2.0
Necromancy     | |  4.6

Action                   |  1- 3 |  4- 6 |  7- 9 || total
-------------------------+-------+-------+-------++-------
Melee: Unarmed           |    12 |       |       ||    12
       Great sword       |     3 |    20 |       ||    23
       Hunting sling     |       |     1 |       ||     1
       Flail             |       |    40 |     5 ||    45
 Fire: Hunting sling     |       |   193 |       ||   193
 Cast: Pain              |    60 |    45 |     5 ||   110
       Vampiric Draining |       |     2 |    12 ||    14
       Confusing Touch   |       |       |     2 ||     2
Invok: Renounce Religion |       |     1 |       ||     1
  Use: Potion            |       |     5 |       ||     5
       Scroll            |       |     8 |       ||     8
 Stab: Sleeping          |     1 |       |       ||     1
       Distracted        |       |     1 |       ||     1
Armor: Robe              |     8 |    44 |     1 ||    53
Dodge: Dodged            |    25 |   128 |    13 ||   166
       Rpst.: Great sword |     6 |     4 |       ||    10

Table legend: (Time is in decaauts)
 A = Elapsed time spent in this place.
 B = Non-inter-level travel time spent in this place.
 C = Inter-level travel time spent in this place.
 D = Time resting spent in this place.
 E = Time spent auto-exploring this place.
 F = Levels seen in this place.
 G = Mean time per level.
                   A        B        C        D        E       F      G
               +--------+--------+--------+--------+--------+-----+--------+
         Total |   7807 |   7428 |    379 |   2804 |   3624 |   5 | 1561.4 |
       Dungeon |   7807 |   7428 |    379 |   2804 |   3624 |   5 | 1561.4 |
               +--------+--------+--------+--------+--------+-----+--------+

Top non-repeatable levels by time:
     D:2: 2401 daAuts
     D:1: 1807 daAuts
     D:4: 1624 daAuts
     D:3: 1251 daAuts
     D:5: 723 daAuts
